 Dungeon Crawl Stone Soup version 0.29-a0-284-gf9362112df (webtiles) character file.

Game seed: 18095779156395434881

9491 ytrimaz the Grappler (level 11, -3/80 HPs)
             Began as a Demonspawn Fighter on Mar 20, 2022.
             Was a High Priest of Okawaru.
             Slain by a cyclops (25 damage)
             ... on level 9 of the Dungeon.
             The game lasted 00:13:51 (9207 turns).

ytrimaz the Grappler (Demonspawn Fighter)           Turns: 9207, Time: 00:13:51

Health: -3/80      AC: 13    Str: 26    XL:     11   Next: 23%
Magic:  11/16      EV: 12    Int: 10    God:    Okawaru [*****.]
Gold:   390        SH:  6    Dex: 13    Spells: 10/10 levels left

rFire   . . .      SeeInvis .     - Unarmed
rCold   . . .      Faith    .   c - +0 buckler
rNeg    . . .      Spirit   .   b - +0 scale mail
rPois   .          Reflect  .   (helmet restricted)
rElec   .          Harm     .   C - +0 cloak
rCorr   .          Rampage  .   (no gloves)
Will    .....                   o - +1 pair of boots
Stlth   +.........              y - amulet of regeneration
HPRegen 1.03/turn               u - +6 ring of strength
MPRegen 0.15/turn               d - +4 ring of slaying

@: heroic, finesse-ful, slowed, very slow
A: claws 1, hooves 1, horns 1, spiny 2
a: Renounce Religion, Heroism, Finesse, Duel


You were on level 9 of the Dungeon.
You worshipped Okawaru.
Okawaru was extremely pleased with you.
You visited 2 branches of the dungeon, and saw 10 of its levels.

You collected 390 gold pieces.

Inventory:

Missiles
 f - 11 boomerangs (quivered)
 w - 3 javelins
Armour
 b - a +0 scale mail (worn)
 c - a +0 buckler (worn)
 o - a +1 pair of boots (worn)
 B - an orb of light
 C - a +0 cloak (worn)
 F - the +0 kite shield "Laucsef" {rN++ Stlth+}
   (Okawaru gifted it to you on level 9 of the Dungeon)

   rN:        It greatly protects you from negative energy.
   Stlth:     It makes you more stealthy.
Jewellery
 d - a +4 ring of slaying (right claw)
 i - a ring of protection from fire
 r - an amulet of guardian spirit
 u - a +6 ring of strength (left claw)
 v - an amulet of the acrobat
 y - an amulet of regeneration (around neck)
 A - the ring "Nuptiumu" {rN+ MP+9}
   (You found it on level 9 of the Dungeon)

   [ring of magical power]

   rN:        It protects you from negative energy.
   MP:        It affects your magic capacity (+9).
Wands
 x - a wand of iceblast (9)
 G - a wand of acid (3)
Scrolls
 g - 5 scrolls of vulnerability
 k - 2 scrolls of enchant weapon
 n - 3 scrolls of blinking
 p - 3 scrolls of teleportation
 s - 2 scrolls of enchant armour
 D - a scroll of amnesia
 E - a scroll of fear {unknown}
Potions
 a - 2 potions of attraction
 e - 2 potions of might
 h - 4 potions of lignification
 j - a potion of mutation
 l - 2 potions of brilliance
 m - 3 potions of curing
 q - 3 potions of flight {unknown}
 z - 2 potions of ambrosia {unknown}
 H - a potion of haste {unknown}


   Skills:
 + Level 5.4(10.4) Fighting
 - Level 2.9(7.9) Short Blades
 + Level 7.7(12.7) Armour
 - Level 4.0(9.0) Shields
 * Level 12.3(17.3) Unarmed Combat
 * Level 7.0 Invocations


You had 10 spell levels left.
You didn't know any spells.
Your spell library contained the following spells:

 Spells                   Type           Power      Damage    Failure   Level
 Foxfire                  Conj/Fire      0%         2x1d4     65%         1
 Corpse Rot               Necr/Air       0%         N/A       80%         2
 Poisonous Vapours        Pois/Air       0%         N/A       80%         2
 Conjure Flame            Conj/Fire      0%         6-21      95%         3
 Inner Flame              Hex/Fire       0%         N/A       95%         3
 Flame Wave               Conj/Fire      0%         2d4       100%        4


Dungeon Overview and Level Annotations

Branches:
Dungeon (9/15)             Temple (1/1) D:4
   Lair: D:8-11         Orc: D:9-12

Altars:
Ashenzari
Cheibriados
Dithmenos
Elyvilon
Fedhas
Gozag
Hepliaklqana
Kikubaaqudgha
Nemelex Xobeh
Okawaru
Ru
Sif Muna
Trog
Uskayaw
Vehumet
Wu Jian
Xom
Yredelemnul
Zin
The Shining One

Shops:
D:4 !   D:6 (


Innate Abilities, Weirdness & Mutations

You have sharp fingernails.
You have large cloven feet.
You have a pair of small horns on your head.
You are mostly covered in sharp spines.


Message History

Okawaru accepts your kill.
Your base Unarmed Combat skill increases to level 12!
Unknown command.
Okay, then.
You feel much better. The wraith is struck by your spines. The wraith hits you.
The wraith drains your vigour!
You feel as though you will be slow longer.
The wraith barely misses you.
You closely miss the wraith. You headbutt the wraith.
You destroy the wraith!
Okawaru accepts your kill.
The centaur warrior wields a +0 longbow.
The centaur warrior shoots an arrow.
The arrow hits you!
The centaur warrior unwields a +0 longbow.
You block the centaur warrior's attack. The centaur warrior closely misses you.
You eviscerate the centaur warrior!!! You headbutt the centaur warrior.
The centaur warrior is severely wounded.
The centaur warrior is struck by your spines.
The centaur warrior hits you!
The centaur warrior kicks you but does no damage.
You closely miss the centaur warrior.
The centaur warrior is severely wounded.
The centaur warrior hits you!
The centaur warrior kicks you but does no damage.
You mangle the centaur warrior!!
You kill the centaur warrior!
Okawaru is honoured by your kill.
Your Invocations skill increases to level 7!
The cyclops hits you but does no damage.
The cyclops hits you!
* * * LOW HITPOINT WARNING * * *
Things that are here:
a +0 longbow; a centaur corpse You scratch the cyclops.
The cyclops is lightly wounded.
You claw the cyclops! You headbutt the cyclops.
The cyclops is heavily wounded.
Unknown command.
You feel better. The cyclops is struck by your spines. The cyclops hits you!!
You die...

#.#........ .# #.
#.##....... } }
###.#....... |#"
##...##....). :$)
#...###...... #C#
#.##..##..... #H#
###....##.....
#C###....##.##....
#@##...##....#....
#.##.##...†..##...
#.#.#######)#.#...
##)........##.#...
#.#.#.#.#.##.##..
###.# # ###...#..
.# ##.#.##. .#
#.#.#.#. .#
##.....##


You could see 2 cyclopes and a harpy.

Vanquished Creatures
  Erolcha (D:9)
  A centaur warrior (D:9)
  2 two-headed ogres (D:8)
  A deep elf pyromancer (D:9)
  Pikel (D:7)
  A tengu conjurer (D:9)
  2 wyverns
  2 wraiths (D:9)
  12 yaks
  A vampire mosquito (D:9)
  3 water moccasins
  2 ice beasts
  2 sky beasts (D:7)
  A phantom (D:2)
  A kobold brigand (D:7)
  A bullfrog (D:8)
  A gnoll sergeant (D:6)
  A scorpion (D:4)
  2 necrophages
  17 wights
  14 killer bees
  A gnoll shaman (D:4)
  5 orc priests
  5 hounds
  2 jellies (D:5)
  Jessica (D:2)
  8 orc wizards
  2 iguanas
  4 adders
  13 gnolls
  3 shadow imps
  4 worms
  3 dart slugs
  28 orcs
  4 bats
  6 endoplasms
  2 giant cockroaches
  8 goblins
  10 hobgoblins
  2 quokkas
  6 ball pythons
  5 frilled lizards
  16 kobolds
  3 rats
210 creatures vanquished.

Notes
Turn   | Place    | Note
-------+----------+-------------------------------------------
     0 | D:1      | ytrimaz the Demonspawn Fighter began the quest for the Orb.
     0 | D:1      | Reached XP level 1. HP: 18/18 MP: 1/1
   408 | D:1      | Discovered your monstrous ancestry.
   408 | D:1      | Gained mutation: You have a pair of small horns on your
                  | head. [demonic ancestry]
   408 | D:1      | Reached XP level 2. HP: 24/24 MP: 2/2
   963 | D:1      | Found a faded altar of an unknown god.
  1043 | D:2      | Noticed Jessica
  1043 | D:2      | Noticed a phantom
  1420 | D:2      | Reached XP level 3. HP: 26/29 MP: 3/3
  1465 | D:2      | Killed a phantom
  1466 | D:2      | Gained mutation: You have sharp fingernails. [demonic
                  | ancestry]
  1466 | D:2      | Reached XP level 4. HP: 30/35 MP: 4/4
  1585 | D:2      | Killed Jessica
  1586 | D:2      | Reached XP level 5. HP: 40/41 MP: 5/5
  2077 | D:3      | You fall into a shaft and drop 1 floor!
  2086 | D:4      | Reached skill level 1 in Unarmed Combat
  2172 | D:4      | Found a staircase to the Ecumenical Temple.
  2172 | D:4      | Noticed a yak
  2172 | D:4      | Noticed a yak
  2198 | D:4      | Noticed a yak
  2202 | D:4      | Killed a yak
  2203 | D:4      | Reached skill level 2 in Unarmed Combat
  2203 | D:4      | Gained mutation: You have large cloven feet. [demonic
                  | ancestry]
  2203 | D:4      | Reached XP level 6. HP: 22/48 MP: 6/6
  2203 | D:4      | Killed a yak
  2204 | D:4      | Reached skill level 3 in Unarmed Combat
  2211 | D:4      | Reached XP level 7. HP: 26/54 MP: 7/7
  2420 | D:4      | Killed a yak
  2421 | D:4      | Reached skill level 4 in Unarmed Combat
  2436 | Temple   | Entered the Ecumenical Temple
  2971 | Temple   | Became a worshipper of Warmaster Okawaru
  3812 | D:4      | Reached skill level 5 in Armour
  3812 | D:4      | Reached skill level 1 in Invocations
  3954 | D:4      | Found Cafaotas's Distillery.
  3978 | D:4      | Reached skill level 5 in Unarmed Combat
  4550 | D:5      | Entered Level 5 of the Dungeon
  4565 | D:4      | Reached XP level 8. HP: 38/61 MP: 6/9
  5026 | D:5      | Reached skill level 6 in Unarmed Combat
  5170 | D:5      | Reached * piety under Okawaru
  5997 | D:6      | Found Fuph's Weapon Boutique.
  6090 | D:6      | Reached skill level 7 in Unarmed Combat
  6850 | D:7      | Reached ** piety under Okawaru
  6936 | D:7      | Reached XP level 9. HP: 25/66 MP: 11/11
  7182 | D:7      | Reached skill level 8 in Unarmed Combat
  7297 | D:7      | Noticed Pikel
  7315 | D:7      | Killed Pikel
  7315 | D:7      | Reached *** piety under Okawaru
  7699 | D:7      | Reached skill level 9 in Unarmed Combat
  7798 | D:8      | Noticed a two-headed ogre
  7801 | D:8      | Killed a two-headed ogre
  7801 | D:8      | Reached **** piety under Okawaru
  7802 | D:8      | Reached skill level 5 in Fighting
  7802 | D:8      | Reached skill level 5 in Invocations
  7802 | D:8      | Gained mutation: You are partially covered in sharp spines.
                  | [demonic ancestry]
  7802 | D:8      | Reached XP level 10. HP: 54/74 MP: 13/13
  7999 | D:8      | Reached skill level 10 in Unarmed Combat
  8000 | D:8      | Received a gift from Okawaru
  8130 | D:8      | Reached ***** piety under Okawaru
  8611 | D:8      | Noticed a two-headed ogre
  8616 | D:8      | Killed a two-headed ogre
  8617 | D:8      | Reached skill level 11 in Unarmed Combat
  8900 | D:9      | Identified the ring "Nuptiumu" {rN+ MP+9}
  8962 | D:9      | Identified the +0 kite shield "Laucsef" {rN++ Stlth+}
                  | (Okawaru gifted it to you on level 9 of the Dungeon)
  8962 | D:9      | Received a gift from Okawaru
  8999 | D:9      | Noticed Erolcha
  9008 | D:9      | Killed Erolcha
  9080 | D:9      | Gained mutation: You are mostly covered in sharp spines.
                  | [demonic ancestry]
  9080 | D:9      | Reached XP level 11. HP: 58/80 MP: 14/16
  9177 | D:9      | Found the necklace of Bloodlust {*Rage Will++ Int-3 Slay+6}
  9179 | D:9      | Noticed a deep elf pyromancer
  9179 | D:9      | Noticed a centaur warrior
  9180 | D:9      | Noticed a harpy
  9197 | D:9      | Killed a deep elf pyromancer
  9198 | D:9      | Reached skill level 12 in Unarmed Combat
  9203 | D:9      | Killed a centaur warrior
  9207 | D:9      | Slain by a cyclops

Illustrated notes

Levels and vault maps discovered:
D:1:      wander_arrival_desolate, layout_basic,
          shapermc_ecumenical_altar_mp_urbaneastern
D:2:      layout_rooms, kennysheep_minor_cross, kennysheep_generic_room_12,
          uniq_jessica
D:3:      layout_basic, nicolae_underground_beach
D:4:      layout_loops_cross, minmay_temple_entry_arrows, serial_shops, shop
D:5:      layout_basic, hangedman_decor_growths
D:6:      minmay_klotski, layout_basic, serial_shops,
          nicolae_shop_advertising_works [nicolae_subvault_shop_adworks]
D:7:      layout_loops_ring, uniq_pikel
D:8:      layout_basic
D:9:      minmay_the_grid_triangle_9x9_rhombus_thin
          [minmay_the_grid_triangle_9x9_odd_lines,
          minmay_the_grid_triangle_9x9_prize_center,
          minmay_the_grid_triangle_9x9_zippers_horizontal,
          minmay_the_grid_triangle_9x9_from_above], layout_irregular_city,
          gammafunk_temple_overflow_wave, orc_0_dummy, uniq_harold, uniq_erolcha
Temple:   mainiacjoe_temple_big_plus

Skill      XL: |  1  2  3  4  5  6  7  8  9 10 11 |
---------------+----------------------------------+-----
Short Blades   | 2 |  2.9
Armour         | 3 4 5 6 7 |  7.7
Shields        | 3 4 |  4.0
Unarmed Combat | 2 3 5 7 9 11 12 | 12.3
Fighting       | 4 5 |  5.4
Invocations    | 1 3 5 6 7 |  7.0

Action                   |  1- 3 |  4- 6 |  7- 9 | 10-12 || total
-------------------------+-------+-------+-------+-------++-------
Melee: Rapier            |    90 |     5 |       |       ||    95
       Headbutt          |     8 |     9 |    56 |    30 ||   103
       Unarmed           |       |    49 |   334 |   123 ||   506
Throw: Boomerang         |       |       |    21 |     6 ||    27
Invok: Heroism           |       |       |     1 |     2 ||     3
       Finesse           |       |       |       |     2 ||     2
  Use: Scroll            |     3 |     5 |     5 |     1 ||    14
       Potion            |     1 |     2 |     3 |     2 ||     8
Armor: Scale mail        |    65 |    17 |   154 |    39 ||   275
Dodge: Dodged            |    46 |    17 |   162 |    32 ||   257
Block: Buckler           |    30 |     7 |    59 |    30 ||   126

Table legend: (Time is in decaauts)
 A = Elapsed time spent in this place.
 B = Non-inter-level travel time spent in this place.
 C = Inter-level travel time spent in this place.
 D = Time resting spent in this place.
 E = Time spent auto-exploring this place.
 F = Levels seen in this place.
 G = Mean time per level.
                   A        B        C        D        E       F      G
               +--------+--------+--------+--------+--------+-----+--------+
         Total |   9181 |   8639 |    542 |    548 |   6322 |  10 |  918.1 |
       Dungeon |   8623 |   8144 |    479 |    548 |   5838 |   9 |  958.1 |
        Temple |    557 |    494 |     63 |      0 |    484 |   1 |  557.0 |
               +--------+--------+--------+--------+--------+-----+--------+

Top non-repeatable levels by time:
     D:1: 1367 daAuts
     D:8: 1170 daAuts
     D:5: 1152 daAuts
     D:4: 1150 daAuts
     D:6: 1074 daAuts
     D:3: 885 daAuts
     D:7: 863 daAuts
     D:2: 665 daAuts
  Temple: 557 daAuts
     D:9: 294 daAuts
